 Dungeon Crawl Stone Soup version 0.17.1-2-g5865329 (webtiles) character file.

198 Jerry the Magician (level 5, -11/34 HPs)
             Began as an Octopode Wizard on Feb 9, 2016.
             Killed by nerve-wracking pain
             ... invoked by an orc priest
              (12 damage)
             ... on level 3 of the Dungeon.
             The game lasted 00:15:24 (2851 turns).

Jerry the Magician (Octopode Wizard)                Turns: 2851, Time: 00:15:24

Health: -11/34     AC:  6    Str:  6      XL:     5   Next: 76%
Magic:  3/9        EV: 18    Int: 21      God:
Gold:   146        SH:  0    Dex: 13 (16) Spells: 2 memorised, 6 levels left

rFire  . . .     SeeInvis .     k - +2 whip (venom)
rCold  . . .     Clarity  .     (no shield)
rNeg   . . .     SustAt   .     a - +0 hat
rPois  .         Gourm    .     (no amulet)
rElec  .         Spirit   .     m - +5 ring of protection
rCorr  .         Warding  .     (no ring)
rMut   .         Stasis   .     (no ring)
MR     .....                    (no ring)
Stlth  ++++......               (no ring)
                                (no ring)
                                (no ring)
                                (no ring)

@: agile, very slightly contaminated, not resistant to hostile enchantments,
stealthy
A: almost no armour, amphibious, 8 rings, constrict 8, camouflage 1, gelatinous
body 1
a: no special abilities


You were on level 3 of the Dungeon.
You were not hungry.

You visited 1 branch of the dungeon, and saw 3 of its levels.

You collected 146 gold pieces.

Inventory:

Hand Weapons
 d - a +0 club
 e - a +0 whip
 k - a +2 whip of venom (weapon)
 n - a cursed +0 whip
Armour
 a - a +0 hat (worn)
Jewellery
 i - an uncursed amulet of regeneration {unknown}
 m - a +5 ring of protection (left tentacle)
Scrolls
 f - 3 scrolls of teleportation {unknown}
 g - 3 scrolls of remove curse {unknown}
 h - 4 scrolls of identify {unknown}
 p - a scroll of magic mapping {unknown}
 r - a scroll of random uselessness {unknown}
Potions
 j - a potion of agility
 q - a potion of lignification {unknown}
 s - a potion of curing
Books
 b - a book of Minor Magic

   Spells                             Type                      Level
   a - Magic Dart                     Conjuration                  1
   b - Blink                          Translocation                2
   c - Call Imp                       Summoning                    2
   d - Repel Missiles                 Charms/Air                   2
   e - Slow                           Hexes                        2
   f - Conjure Flame                  Conjuration/Fire             3
   g - Mephitic Cloud                 Conjuration/Poison/Air       3
Comestibles
 c - a bread ration
 l - a beef jerky
 o - 2 meat rations


   Skills:
 + Level 2.0 Fighting
 + Level 1.6 Maces & Flails
 + Level 2.6 Dodging
 - Level 2.6 Stealth
 - Level 3.0 Spellcasting
 - Level 3.0 Conjurations
   Level 1.0 Summonings
   Level 1.0 Translocations
 + Level 1.7 Air Magic
 + Level 2.0 Poison Magic


You had 6 spell levels left.
You knew the following spells:

 Your Spells              Type           Power        Failure   Level  Hunger
a - Magic Dart            Conj           ###.         4%          1    None
b - Mephitic Cloud        Conj/Pois/Air  ##......     21%         3    ###....


Dungeon Overview and Level Annotations

Branches:
Dungeon (3/15)

Altars:

Annotations:
D:3 Kiel97's ghost, amateur DsGl


Innate Abilities, Weirdness & Mutations

You cannot wear most types of armour.
You are amphibious.
You can wear up to eight rings at the same time.
You can use your tentacles to constrict eight enemies at once.
Your skin changes colour to match your surroundings (Stealth).
Your rubbery body absorbs attacks (AC +1).


Message History

You hit the orc but do no damage.
The orc is poisoned.
You constrict the orc, but do no damage.
The orc barely misses you.
An orc comes into view. It is wielding a falchion.
The orc shouts!
You hit the orc but do no damage.
You constrict the orc, but do no damage.
You hear a shout!
The orc hits you with a flail.
You hear a shout!
You hit the orc.
You kill the orc!
The orc priest mumbles some strange prayers to Beogh against you.
Something smites you!
* * * LOW HITPOINT WARNING * * *
Drink which item? (? for menu, Esc to quit)
You feel agile all of a sudden.
The orc priest mumbles some strange prayers to Beogh against you.
Pain shoots through your body!
You die...

#...........
###......#####
'.'...........
###......###.. #......#
#.. ..#####....# #..
.........#.# #..
################..#.# #..
#.......@oo.......#.###..
##########o.#.###.#.##...
#)o#.# #.#..+... #..#.#
#.####... #o.#.#
#........ #..#.#
#(.....## ...#.#
#......## ......
+......##
...o#.###......##


You could see 2 orc priests and 2 orcs.

Vanquished Creatures
  An orc wizard (D:3)
  Jessica (D:3)
  7 adders
  3 oozes
  A worm (D:2)
  A giant gecko (D:1)
  2 orcs (D:3)
  5 goblins
  10 hobgoblins
  4 jackals (D:3)
  2 quokkas (D:2)
  A ball python (D:3)
  3 bats
  3 giant cockroaches
  2 giant newts (D:1)
  12 kobolds
  5 rats
63 creatures vanquished.

Notes
Turn   | Place    | Note
--------------------------------------------------------------
     0 | D:1      | Jerry the Octopode Wizard began the quest for the Orb.
     0 | D:1      | Reached XP level 1. HP: 11/11 MP: 4/4
   245 | D:1      | Reached XP level 2. HP: 17/17 MP: 1/6
   739 | D:1      | Reached XP level 3. HP: 21/21 MP: 5/7
   751 | D:1      | Learned a level 3 spell: Mephitic Cloud
  1108 | D:2      | Reached XP level 4. HP: 14/27 MP: 8/8
  1364 | D:2      | Reached skill level 1 in Fighting
  1402 | D:2      | Reached skill level 1 in Air Magic
  1402 | D:2      | Reached skill level 1 in Poison Magic
  1962 | D:2      | Reached skill level 1 in Maces & Flails
  2049 | D:3      | Noticed Jessica
  2052 | D:3      | Killed Jessica
  2052 | D:3      | Reached XP level 5. HP: 33/33 MP: 9/9
  2345 | D:3      | Noticed Kiel97's ghost (amateur DsGl)
  2850 | D:3      | HP: 1/34 [orc priest/divine providence (14)]
  2851 | D:3      | Killed from afar by an orc priest

Action                   |  1- 3 |  4- 6 || total
-------------------------+-------+-------++-------
Melee: Unarmed           |    10 |       ||    10
       Whip              |    37 |    78 ||   115
 Cast: Magic Dart        |    39 |     9 ||    48
  Use: Potion            |       |     4 ||     4
 Stab: Sleeping          |     3 |    11 ||    14
  Eat: Chunk             |       |     6 ||     6
